[Event "Late-Titled-Tuesday-Blitz-May-14-2024"]
[Site "Chess.com"]
[Date "2024.05.14"]
[Round "1"]
[White "Angry_Twin"]
[Black "lrjchess"]
[Result "1-0"]
[WhiteElo "2914"]
[BlackElo "2517"]
[TimeControl "180+1"]
[EndTime "14:10:45 PDT"]
[Termination "Angry_Twin won by resignation"]

1. e4 d5 2. exd5 Nf6 3. d4 Bg4 4. Be2 Bxe2 5. Qxe2 Qxd5 6. Nf3 e6 7. O-O Nc6 8. c3 O-O-O 9. Re1 Bd6 10. c4 Qh5 11. h3 Rhg8 12. Bg5 Nxd4 13. Nxd4 Qxg5 14. Nc3 Qh5 15. Qxh5 Nxh5 16. Rad1 Bb4 17. g3 Bxc3 18. bxc3 Nf6 19. Kg2 Rd7 20. Nf3 Rxd1 21. Rxd1 Rd8 22. Rc1 Kd7 23. Ne5+ Ke7 24. Rc2 Nd7 25. Nd3 Nb6 26. Nb2 c5 27. Kf3 e5 28. Ke2 Ke6 29.
Nd3 Nd7 30. Rb2 b6 31. a4 Rb8 32. Ra2 a5 33. Rb2 g5 34. f3 f5 35. g4 e4 36. fxe4 fxe4 37. Nf2 Ke5 38. Ke3 Rf8 39. Nxe4 h6 40. Nd2 Rf4 41. Rb1 Kd6 42. Kd3 Ne5+ 43. Kc2 Kc6 44. Re1 Kd6 45. Ne4+ Kc6 46. Nd2 Kd6 47.
Ne4+ Ke6 48. Nd2 Rf2 49. Kd1 Rf8 50. Kc2 Re8 51. Re2 Kd6 52. Ne4+ Kc6 53. Nf6 Re6 54.
Nd5 Re8 55. Kb3 Kd6 56. Nf6 Re7 57. Rd2+ Kc6 58. Nd5 Rf7 59. Re2 Kd6 60. Rd2 Nf3 61. Rd3 Ne5 62. Rd1 Kc6 63. Re1 Kd6 64. Ne3 Rf2 65.
Nf5+ Ke6 66. Nxh6 Kf6 67. Re3 Rf1 68. Nf5 Rb1+ 69. Kc2 Ra1 70. Nd6 Rxa4 71. Kb3 Ra1 72. Re2 Rh1 73. Rf2+ Kg6 74. Nf5 Rxh3 75. Ne7+ Kg7 76.
Nf5+ Kg6 77. Ne7+ Kg7 78. Nd5 Nxg4 79. Rg2 Rh4 80. Nxb6 Kg6 81. Nd7 Ne3 82. Rg1 g4 83.
Nxc5 g3 84. Rxg3+ Ng4 85. Nd3 Kf5 86. c5 Rh8 87. c6 Rc8 88. Rg1 Rxc6 89. Nb2 Rb6+ 90.
Ka3 Ne3 91. Na4 Nc4+ 92. Ka2 Rb8 93. Rf1+ Ke4 94. Rd1 Ne3 95. Rd4+ Ke5 96. Nc5 Nc2 97. Nd7+ Ke6 98. Rd2 Rd8 99. Nc5+ Ke7 100. Rxc2 Rc8 101. Nb3 a4 102. Nd4 Kd6 103. Ka3 Kd5 104. Nf3 Kc4 105. Ne5+ Kd5 106. Nd3 Kc4 107. Nb2+ Kd5 108. Nxa4 Kc4 109. Nb2+ Kd5 110. Rd2+ Kc5 111. Kb3 Rb8+ 112. Kc2 Ra8 113. Rd4 Kb5 114. Rb4+ Kc5 115. Na4+ Kd5 116. Kb3 Rh8 117. Rb5+ Kc6 118. Rb4 Kd6 119. Rd4+ Kc6 120. Kc4 Rh1 121. Nc5 Ra1 122. Nd3 Ra4+ 123. Nb4+ Kb6 124. Rd6+ Kc7 125. Rh6 Ra1 126. Kc5 Kb7 127. Rh7+ Kc8 128. Kb6 Rc1 129. Nd5 Kd8 130. Kc6 Ke8 131. Re7+ Kf8 132. Re2 Kf7 133. Re4 Rd1 134. c4 Kg6 135. c5 Kf5 136. Re2 Rc1 137. Kd6 Rc2 138. Rxc2 1-0

[Event "Late-Titled-Tuesday-Blitz-May-14-2024"]
[Site "Chess.com"]
[Date "2024.05.14"]
[Round "2"]
[White "FLamps8"]
[Black "Msb2"]
[Result "0-1"]
[WhiteElo "2671"]
[BlackElo "3072"]
[TimeControl "180+1"]
[EndTime "14:12:02 PDT"]
[Termination "Msb2 won by resignation"]

1. d4 d5 2. Nc3 e6 3. Bf4 c5 4. e4 cxd4 5. Qxd4 Nc6 6. Bb5 Bd7 7. Bxc6 bxc6 8. exd5 cxd5 9. Nf3 Nf6 10. Ne5 Be7 11.
O-O O-O 12. Nxd7 Qxd7 13. Be5 Rfc8 14. f4 Bc5 0-1

[Event "Late-Titled-Tuesday-Blitz-May-14-2024"]
[Site "Chess.com"]
[Date "2024.05.14"]
[Round "2"]
[White "Tolyanius"]
[Black "Oleksandr_Bortnyk"]
[Result "0-1"]
[WhiteElo "2670"]
[BlackElo "3050"]
[TimeControl "180+1"]
[EndTime "14:12:42 PDT"]
[Termination "Oleksandr_Bortnyk won by resignation"]

1. e4 Nf6 2. Nc3 d5 3. e5 Nfd7 4. e6 fxe6 5. d4 c5 6. dxc5 Nc6 7. Nf3 g6 8. h4 Bg7 9. h5 Nxc5 10. Be3 d4 11. b4 dxe3 0-1

[Event "Late-Titled-Tuesday-Blitz-May-14-2024"]
[Site "Chess.com"]
[Date "2024.05.14"]
[Round "2"]
[White "RantomOpening"]
[Black "KNVB"]
[Result "0-1"]
[WhiteElo "2574"]
[BlackElo "2830"]
[TimeControl "180+1"]
[EndTime "14:13:05 PDT"]
[Termination "KNVB won by resignation"]

1. c4 c5 2. Nf3 b6 3. Nc3 Bb7 4. e3 e6 5. d4 cxd4 6. exd4 Nf6 7. Be2 d5 8. cxd5 Nxd5 9. O-O Be7 10. Bb5+ Bc6 11. Qa4 Qd7 12. Ne5 Nxc3 13. Bxc6 Nxa4 14.
Nxd7 Nxc6 0-1

[Event "Late-Titled-Tuesday-Blitz-May-14-2024"]
[Site "Chess.com"]
[Date "2024.05.14"]
[Round "2"]
[White "tarno17"]
[Black "dennisodessa"]
[Result "1-0"]
[WhiteElo "2210"]
[BlackElo "2455"]
[TimeControl "180+1"]
[EndTime "14:13:15 PDT"]
[Termination "tarno17 won by resignation"]

1. e4 e6 2. d4 d5 3. Nd2 Be7 4. c3 c5 5. exd5 Qxd5 6. Ngf3 cxd4 7. Bc4 Qd6 8. Ne4 Qc6 9. Qe2 dxc3 10. Bb5 cxb2 11. Bxc6+ Nxc6 12. Bxb2 f6 13. O-O Nh6 14. Rac1 1-0

[Event "Late-Titled-Tuesday-Blitz-May-14-2024"]
[Site "Chess.com"]
[Date "2024.05.14"]
[Round "2"]
[White "nabukatnezarr"]
[Black "Indefatigable11"]
[Result "1-0"]
[WhiteElo "2623"]
[BlackElo "2388"]
[TimeControl "180+1"]
[EndTime "14:13:23 PDT"]
[Termination "nabukatnezarr won by checkmate"]

1. b3 d5 2. Bb2 Nf6 3. e3 c5 4.
Nf3 Nc6 5. Bb5 Bd7 6. O-O e6 7. c4 Bd6 8. cxd5 exd5 9. d4 O-O 10. Bxc6 Bxc6 11. dxc5 Bxc5 12. Nbd2 Bd6 13. h3 Ne4 14. Nd4 Bc7 15. Nxe4 dxe4 16. Nxc6 bxc6 17. Qg4 f5 18. Qxg7# 1-0

[Event "Late-Titled-Tuesday-Blitz-May-14-2024"]
[Site "Chess.com"]
[Date "2024.05.14"]
[Round "2"]
[White "Bykov_Egor"]
[Black "baki83"]
[Result "0-1"]
[WhiteElo "2633"]
[BlackElo "2926"]
[TimeControl "180+1"]
[EndTime "14:13:28 PDT"]
[Termination "baki83 won by checkmate"]

1. d4 d5 2. c4 e6 3. Nf3 a6 4. cxd5 exd5 5. Nc3 h6 6. Qb3 c6 7. e4 dxe4 8. Bc4 exf3 9. Bxf7+ Kd7 10. Na4 Qe7+ 11.
Kd1 Qe2# 0-1

[Event "Late-Titled-Tuesday-Blitz-May-14-2024"]
[Site "Chess.com"]
[Date "2024.05.14"]
[Round "2"]
[White "Josetricks"]
[Black "Seochesspie"]
[Result "0-1"]
[WhiteElo "2442"]
[BlackElo "2837"]
[TimeControl "180+1"]
[EndTime "14:13:46 PDT"]
[Termination "Seochesspie won by resignation"]

1. e4 c5 2. c3 e5 3. Nf3 Nc6 4. Bb5 Bd6 5. O-O Nge7 6. d4 cxd4 7. cxd4 exd4 8. Nxd4 O-O 9. Nc3 Be5 10. Nf3 Bxc3 11.
bxc3 d5 12. exd5 Nxd5 13. Qc2 Qc7 14. Rd1 Ncb4 15. Qb1 Nxc3 16. Qxb4 Nxd1 17. Bf4 Qc3 0-1

[Event "Late-Titled-Tuesday-Blitz-May-14-2024"]
[Site "Chess.com"]
[Date "2024.05.14"]
[Round "2"]
[White "BillCoe"]
[Black "picturesquecheck"]
[Result "0-1"]
[WhiteElo "2153"]
[BlackElo "2458"]
[TimeControl "180+1"]
[EndTime "14:13:50 PDT"]
[Termination "picturesquecheck won by resignation"]

1. e4 c5 2. Nf3 d6 3. d4 cxd4 4.
Nxd4 Nf6 5. Nc3 Nc6 6. h3 e5 7. Nde2 Be7 8. g4 O-O 9. Bg2 Be6 10. O-O Rc8 11. Nd5 Bxd5 12. exd5 Nb4 13. Nc3 a5 14. a3 Na6 15. Be3 Nd7 16. Ne4 g6 17. b3 Ndc5 18. Nxc5 Nxc5 19. c4 a4 20. b4 Nb3 21.
Ra2 Rxc4 22. Re1 Bg5 23. Bf1 Rc8 24. Bd3 Bxe3 25. Rxe3 Rc1 0-1

[Event "Late-Titled-Tuesday-Blitz-May-14-2024"]
[Site "Chess.com"]
[Date "2024.05.14"]
[Round "2"]
[White "N_Mullodzhanov"]
[Black "Alexander_Donchenko"]
[Result "1-0"]
[WhiteElo "2601"]
[BlackElo "2844"]
[TimeControl "180+1"]
[EndTime "14:13:52 PDT"]
[Termination "N_Mullodzhanov won by resignation"]

1. e4 c6 2. Nc3 d5 3. Nf3 Nf6 4. e5 Ne4 5. d4 Nxc3 6. bxc3 c5 7. Be2 Bg4 8. O-O Nc6 9. Rb1 Qc7 10. h3 Bxf3 11.
Bxf3 e6 12. g3 Be7 13. Bg2 O-O 14. h4 cxd4 15. cxd4 Nb4 16. Ba3 Nxa2 17. Bxe7 Qxe7 18. Qd2 Rfc8 19. c4 Rxc4 20. Qxa2 Rxd4 21. Qb2 Rc4 22. Qxb7 Qxb7 23. Rxb7 h5 24. Rfb1 a5 25. Bf1 Re4 26. Rb8+ Rxb8 27. Rxb8+ Kh7 28. Bd3 1-0

[Event "Late-Titled-Tuesday-Blitz-May-14-2024"]
[Site "Chess.com"]
[Date "2024.05.14"]
[Round "2"]
[White "Kacparov"]
[Black "nindjaxx8"]
[Result "1-0"]
[WhiteElo "2925"]
[BlackElo "2633"]
[TimeControl "180+1"]
[EndTime "14:13:54 PDT"]
[Termination "Kacparov won by resignation"]

1. e4 e6 2. d4 d5 3. Nd2 c5 4. exd5 Qxd5 5. dxc5 Bxc5 6. Ngf3 Nf6 7. Bd3 Nc6 8. O-O O-O 9. Qe2 b6 10. Ne4 Be7 11. Bg5 Bb7 12. Rad1 Qa5 13. Nxf6+ Bxf6 14. Qe4 Qf5 15. Qh4 Bxg5 16. Nxg5 Qxd3 1-0

[Event "Late-Titled-Tuesday-Blitz-May-14-2024"]
[Site "Chess.com"]
[Date "2024.05.14"]
[Round "2"]
[White "The_Straightforward_Rook"]
[Black "leclash"]
[Result "0-1"]
[WhiteElo "2492"]
[BlackElo "2296"]
[TimeControl "180+1"]
[EndTime "14:13:55 PDT"]
[Termination "leclash won by resignation"]

1. d4 d5 2. Nf3 Nf6 3. c4 c6 4. Nc3 e6 5. Bf4 dxc4 6. e4 b5 7. g3 Be7 8. Bg2 O-O 9. O-O Bb7 10. Re1 Nbd7 11. h4 Qb6 12. Qc2 h6 13. Rad1 Rfd8 14. e5 Nd5 15. Ne4 c5 16. dxc5 Nxc5 17. Nxc5 Bxc5 18.
g4 Nxf4 0-1

[Event "Late-Titled-Tuesday-Blitz-May-14-2024"]
[Site "Chess.com"]
[Date "2024.05.14"]
[Round "2"]
[White "Smiechu"]
[Black "larsmandreassen"]
[Result "0-1"]
[WhiteElo "2482"]
[BlackElo "2252"]
[TimeControl "180+1"]
[EndTime "14:13:59 PDT"]
[Termination "larsmandreassen won by resignation"]

1. e4 d5 2. exd5 Nf6 3. Nf3 Nxd5 4. d4 Bg4 5. Be2 e6 6. c4 Nf6 7. O-O Be7 8. Nc3 O-O 9. Be3 Nbd7 10. b3 c6 11. h3 Bh5 12. Ne5 Bxe2 13. Qxe2 a5 14. Rad1 h6 15. f4 Bb4 16. Rd3 Bxc3 17. Rxc3 Ne4 18. Rd3 Ng3 19. Qg4 Nxf1 20. Kxf1 a4 21. f5 Nxe5 22. dxe5 Qxd3+ 0-1

[Event "Late-Titled-Tuesday-Blitz-May-14-2024"]
[Site "Chess.com"]
[Date "2024.05.14"]
[Round "2"]
[White "chenxiaoyuer"]
[Black "m_ezat"]
[Result "1-0"]
[WhiteElo "2887"]
[BlackElo "2607"]
[TimeControl "180+1"]
[EndTime "14:14:02 PDT"]
[Termination "chenxiaoyuer won by checkmate"]

1. e4 c6 2. Nf3 d5 3. d3 e5 4. exd5 Qxd5 5. Nc3 Bb4 6. Bd2 Bxc3 7. Bxc3 Bg4 8. h3 Bxf3 9. Qxf3 Qxf3 10. gxf3 f6 11. Rg1 g6 12. d4 Nd7 13. O-O-O Ne7 14. dxe5 Nxe5 15. f4 Nf3 16. Rg3 Nh2 17. Bc4 Nf5 18.
Rgd3 Ke7 19. Rd7+ Ke8 20. Bxf6 Rf8 21. Bf7+ Rxf7 22. Rd8+ Rxd8 23. Rxd8# 1-0

[Event "Late-Titled-Tuesday-Blitz-May-14-2024"]
[Site "Chess.com"]
[Date "2024.05.14"]
[Round "2"]
[White "CombativeWombat"]
[Black "rdarruda"]
[Result "1-0"]
[WhiteElo "2343"]
[BlackElo "2522"]
[TimeControl "180+1"]
[EndTime "14:14:30 PDT"]
[Termination "CombativeWombat won by checkmate"]

1. e4 c5 2. Nf3 Nc6 3. Nc3 e6 4. d4 cxd4 5. Nxd4 d6 6. Be2 Nf6 7. O-O Be7 8. Be3 O-O 9. f4 a6 10. a4 Qc7 11. Kh1 Rd8 12. Bd3 d5 13. e5 Ne4 14.
Nxe4 dxe4 15. Bxe4 Nxd4 16. Bxd4 Bc5 17. c3 Bxd4 18. cxd4 Qb6 19. Qc2 Bd7 20. Bxh7+ Kh8 21. Ra3 g6 22. Bxg6 Kg7 23. Rg3 Be8 24. Bxf7+ Kxf7 25.
Qh7+ Kf8 26. Rg8# 1-0

[Event "Late-Titled-Tuesday-Blitz-May-14-2024"]
[Site "Chess.com"]
[Date "2024.05.14"]
[Round "2"]
[White "Masterisback04"]
[Black "LuisFSiles"]
[Result "1-0"]
[WhiteElo "2023"]
[BlackElo "2425"]
[TimeControl "180+1"]
[EndTime "14:14:45 PDT"]
[Termination "Masterisback04 won by resignation"]

1. e4 c5 2. Nf3 Nc6 3. c3 d5 4.
exd5 Qxd5 5. d4 Bf5 6. Be2 Nf6 7. c4 Qd6 8. d5 Ne5 9. O-O Nxf3+ 10. Bxf3 h5 11.
Nc3 a6 12. Re1 Ng4 13. g3 Ne5 14. Bf4 Nxf3+ 15. Qxf3 Qd7 16. d6 e6 17. Nd5 Kd8 18.
Nb6 Qc6 19. Qxc6 bxc6 20. Nxa8 1-0

[Event "Late-Titled-Tuesday-Blitz-May-14-2024"]
[Site "Chess.com"]
[Date "2024.05.14"]
[Round "2"]
[White "Dhaydon19"]
[Black "micke12a"]
[Result "1-0"]
[WhiteElo "2743"]
[BlackElo "2414"]
[TimeControl "180+1"]
[EndTime "14:14:53 PDT"]
[Termination "Dhaydon19 won by resignation"]

1. e4 c5 2. Nf3 d6 3. d4 cxd4 4. Nxd4 Nf6 5. Nc3 g6 6. g3 Bg7 7. Bg2 O-O 8. O-O a6 9. h3 Qc7 10. Be3 Nc6 11. Nxc6 bxc6 12. Qd2 a5 13. Rfd1 Bb7 14.
Rac1 Rfd8 15. b3 d5 16. exd5 cxd5 17. Nb5 Qd7 18. c4 e5 19. Bg5 d4 20. Bxb7 Qxb7 21.
Re1 Ne4 22. Rxe4 Qxe4 23. Bxd8 Rxd8 24. Nc7 a4 25. Nd5 axb3 26. axb3 Qf5 27. Ne7+ 1-0

[Event "Late-Titled-Tuesday-Blitz-May-14-2024"]
[Site "Chess.com"]
[Date "2024.05.14"]
[Round "2"]
[White "toninhojit"]
[Black "cukus"]
[Result "1-0"]
[WhiteElo "2543"]
[BlackElo "2334"]
[TimeControl "180+1"]
[EndTime "14:15:05 PDT"]
[Termination "toninhojit won by resignation"]

1. c4 e6 2. Nc3 d5 3. d4 c6 4. Nf3 f5 5. g3 Nf6 6. Bg2 Bd6 7. O-O O-O 8. Bf4 Ne4 9. Bxd6 Qxd6 10. Qd3 Nd7 11.
Rab1 Ndf6 12. b4 Bd7 13. c5 Qe7 14. Ne5 Be8 15. f3 Nxc3 16. Qxc3 Bh5 17. a4 Nd7 18. Qe3 Bg6 19. Nxd7 Qxd7 20. f4 a5 21. b5 cxb5 22. Rxb5 Qc8 23. Rfb1 Be8 24. Rxb7 Bxa4 25. Bxd5 Re8 26. Qe5 Bd7 27. Rxd7 Qxd7 28. Rb7 exd5 29. Rxd7 Rxe5 30. fxe5 a4 31. c6 a3 32. c7 1-0

[Event "Late-Titled-Tuesday-Blitz-May-14-2024"]
[Site "Chess.com"]
[Date "2024.05.14"]
[Round "2"]
[White "lrjchess"]
[Black "PawnEatingZombie"]
[Result "0-1"]
[WhiteElo "2505"]
[BlackElo "2308"]
[TimeControl "180+1"]
[EndTime "14:15:09 PDT"]
[Termination "PawnEatingZombie won by resignation"]

1. e4 c5 2. b3 Nc6 3. Bb2 e5 4.
Bc4 Nf6 5. d3 Be7 6. Nc3 d6 7.
Nge2 O-O 8. O-O Be6 9. h3 Nd4 10. f4 exf4 11. Nxf4 Qd7 12. Ncd5 b5 13. Nxe7+ Qxe7 14. Bxe6 fxe6 15. Bxd4 cxd4 16. a4 b4 17. Qe2 e5 18. Nd5 Nxd5 19. exd5 a5 20. Rf3 Rxf3 21. Qxf3 Rf8 22. Qg4 Qf7 23. Kh2 Qf4+ 24. Qxf4 Rxf4 25. Kg3 g5 26. Re1 Kg7 27. Re2 Kg6 28. Rf2 h5 29. Rxf4 exf4+ 30. Kf3 Kf5 31. g3 g4+ 0-1

[Event "Late-Titled-Tuesday-Blitz-May-14-2024"]
[Site "Chess.com"]
[Date "2024.05.14"]
[Round "2"]
[White "StoreySniper"]
[Black "vugarrasulov"]
[Result "0-1"]
[WhiteElo "2423"]
[BlackElo "2957"]
[TimeControl "180+1"]
[EndTime "14:15:14 PDT"]
[Termination "vugarrasulov won by resignation"]

1. c4 a6 2. g3 b5 3. Bg2 c6 4. c5 g6 5. d4 Bg7 6. e3 Nf6 7. Ne2 O-O 8. Nbc3 d5 9. cxd6 exd6 10. O-O h5 11. h3 Re8 12. a3 d5 13. Nf4 Bf5 14. Nd3 Nbd7 15. Kh2 Qc7 16. Nf4 h4 17. g4 Be4 18. Nxe4 Nxe4 19. Kg1 Qd6 20. Bd2 a5 21. Nd3 Nb6 22. Be1 Nc4 23. a4 b4 24. b3 Nb6 25. Qc1 Nd7 26. Bxe4 dxe4 27. Nb2 c5 28. Nc4 Qe6 29. dxc5 Bxa1 30. Qxa1 Nxc5 31.
Qb1 Nd3 32. Qc2 Rac8 33. Qe2 Rxc4 34. bxc4 Qxc4 35. f3 Ne5 36. fxe4 Qxe2 0-1

[Event "Late-Titled-Tuesday-Blitz-May-14-2024"]
[Site "Chess.com"]
[Date "2024.05.14"]
[Round "2"]
[White "schondeln"]
[Black "FernandoArauzAlonso"]
[Result "1-0"]
[WhiteElo "2349"]
[BlackElo "2521"]
[TimeControl "180+1"]
[EndTime "14:15:18 PDT"]
[Termination "schondeln won by resignation"]

1. e4 e5 2. Nf3 d6 3. d4 exd4 4. Nxd4 Nf6 5. Nc3 Be7 6. g3 O-O 7. Bg2 Re8 8. O-O Bf8 9. h3 Nbd7 10. Re1 Nc5 11. Kh2 Ne6 12. Be3 Nd7 13. Qd2 Ndc5 14. Rad1 Nxd4 15. Bxd4 Ne6 16. Be3 g6 17. Nd5 Bg7 18.
c3 Bd7 19. f4 Bc6 20. Bf2 Bxd5 21. Qxd5 Rb8 22. a3 Qe7 23. Bxa7 Ra8 24. Bf2 Nc5 25.
e5 Na4 26. exd6 cxd6 27. Rxe7 1-0

[Event "Late-Titled-Tuesday-Blitz-May-14-2024"]
[Site "Chess.com"]
[Date "2024.05.14"]
[Round "2"]
[White "grzechu96"]
[Black "maximnovik"]
[Result "1-0"]
[WhiteElo "2806"]
[BlackElo "2563"]
[TimeControl "180+1"]
[EndTime "14:15:19 PDT"]
[Termination "grzechu96 won by resignation"]

1. e4 e5 2. Nf3 Nc6 3. Bc4 Nf6 4.
d3 Bc5 5. O-O d6 6. c3 a6 7. Bb3 h6 8. Re1 Ba7 9. Nbd2 O-O 10. h3 Be6 11. Bc2 d5 12. exd5 Nxd5 13. Nxe5 Nxe5 14. Rxe5 Qf6 15. d4 c6 16. Qf3 Qd8 17. Qd3 g6 18. Nf3 Bf5 19. Rxf5 gxf5 20.
Qxf5 Nf6 21. Bxh6 1-0

[Event "Late-Titled-Tuesday-Blitz-May-14-2024"]
[Site "Chess.com"]
[Date "2024.05.14"]
[Round "2"]
[White "moro182"]
[Black "Stanbad1"]
[Result "1-0"]
[WhiteElo "2901"]
[BlackElo "2613"]
[TimeControl "180+1"]
[EndTime "14:15:24 PDT"]
[Termination "moro182 won by resignation"]

1. d4 Nf6 2. Bf4 g6 3. Nc3 d5 4.
e3 Bg7 5. Nb5 Na6 6. Nf3 O-O 7. h3 Ne4 8. Be2 c6 9. Na3 Qa5+ 10.
Nd2 Nc3 11. bxc3 Qxa3 12. Nb3 Bf5 13. g4 Bd7 14. O-O Rfe8 15. Bg3 e5 16. Qd2 exd4 17. cxd4 Qe7 18. Bxa6 bxa6 19. Nc5 Bc8 20. Rae1 h5 21. f3 hxg4 22. hxg4 f5 23. gxf5 gxf5 24. Rf2 Qg5 25. Rg2 Kf7 26. Be5 Qxg2+ 27. Kxg2 Bxe5 28. dxe5 Rxe5 29. Rh1 Kg7 30. Qd4 1-0

[Event "Late-Titled-Tuesday-Blitz-May-14-2024"]
[Site "Chess.com"]
[Date "2024.05.14"]
[Round "2"]
[White "Felix-Rose"]
[Black "zimmm36"]
[Result "0-1"]
[WhiteElo "2288"]
[BlackElo "2718"]
[TimeControl "180+1"]
[EndTime "14:15:27 PDT"]
[Termination "zimmm36 won by resignation"]

1. e4 c6 2. d4 d5 3. e5 Bf5 4. h4 h5 5. Bd3 Bxd3 6. Qxd3 Qa5+ 7. Bd2 Qa6 8. e6 Qxd3 9. exf7+ Kxf7 10. cxd3 Nh6 11.
Nf3 Nf5 12. O-O Nd7 13. Re1 Re8 14. Bc3 e6 15. Nbd2 Be7 16. g3 Bf6 17. Kg2 Re7 18. b4 Rhe8 19. Ne5+ Bxe5 20. dxe5 d4 21. Bb2 Nb6 22.
Nf3 Rd8 23. a4 Nd5 24. Nxd4 Nxd4 25. Bxd4 Nxb4 26. Bc5 Nxd3 27. Bxe7 Nxe1+ 28. Rxe1 Kxe7 29. Rb1 b6 30. Rc1 c5 31. a5 Kd7 32. axb6 axb6 33. Ra1 Kc6 34. Ra7 Rd7 35. Ra8 c4 36. f4 b5 37.
Ra6+ Kd5 38. Rb6 Kc5 39. Rxe6 c3 40. Re8 Rc7 41. e6 c2 42. e7 c1=Q 43. Rg8 Qc2+ 44. Kh3 Qf5+ 45. Kh2 Rxe7 0-1

[Event "Late-Titled-Tuesday-Blitz-May-14-2024"]
[Site "Chess.com"]
[Date "2024.05.14"]
[Round "2"]
[White "MarkusRagger"]
[Black "urano56"]
[Result "1-0"]
[WhiteElo "2821"]
[BlackElo "2417"]
[TimeControl "180+1"]
[EndTime "14:15:27 PDT"]
[Termination "MarkusRagger won by resignation"]

1. d4 d5 2. c4 e6 3. Nf3 Nf6 4. g3 dxc4 5. Bg2 b5 6. Ne5 Nd5 7. O-O Be7 8. Nc3 c6 9. e4 Nxc3 10. bxc3 Bb7 11. Qg4 O-O 12. Bh6 Bf6 13. f4 Kh8 14.
Bg5 Nd7 15. Nxd7 Qxd7 16. Bxf6 gxf6 17. Qh4 Qd8 18. f5 c5 19. Rad1 Qe7 20. e5 Bxg2 21.
exf6 Qb7 22. Rf4 exf5 23. Qh6 1-0

[Event "Late-Titled-Tuesday-Blitz-May-14-2024"]
[Site "Chess.com"]
[Date "2024.05.14"]
[Round "2"]
[White "cthake"]
[Black "emeli_chess"]
[Result "1/2-1/2"]
[WhiteElo "1859"]
[BlackElo "2424"]
[TimeControl "180+1"]
[EndTime "14:15:27 PDT"]
[Termination "Game drawn by repetition"]

1. c4 e5 2. Nc3 d6 3. d3 f5 4.
g3 Nf6 5. Bg2 Be7 6. Rb1 a5 7.
a3 O-O 8. b4 axb4 9. axb4 Nc6 10. Nd5 Nxd5 11. Bxd5+ Kh8 12. e3 Bf6 13. Ne2 Ne7 14. Bg2 Qe8 15. O-O Qh5 16. b5 Ra2 17.
Rb2 Rxb2 18. Bxb2 b6 19. Bc3 Ng6 20. Nf4 Nxf4 21. exf4 Qxd1 22. Rxd1 exf4 23. Bxf6 Rxf6 24. gxf4 Rf8 25. Re1 Bd7 26. Re7 Rd8 27. Bd5 h6 28. Kg2 Kh7 29. h4 Kg6 30. Kg3 Kf6 31. Rf7+ Kg6 32.
Re7 Kf6 33. Rf7+ Kg6 34. Re7 1/2-1/2

[Event "Late-Titled-Tuesday-Blitz-May-14-2024"]
[Site "Chess.com"]
[Date "2024.05.14"]
[Round "2"]
[White "KebabJangles"]
[Black "becemix"]
[Result "0-1"]
[WhiteElo "2367"]
[BlackElo "2596"]
[TimeControl "180+1"]
[EndTime "14:15:32 PDT"]
[Termination "becemix won by resignation"]

1. d4 d5 2. c4 e6 3. Nf3 c6 4.
Nc3 dxc4 5. a4 Bb4 6. e4 b5 7. Be2 Nf6 8. e5 Ne4 9. Qc2 Nxc3 10. bxc3 Be7 11. axb5 cxb5 12. O-O O-O 13. h4 h6 14.
Nd2 Bb7 15. g3 Nd7 16. Ne4 Nb6 17. Ba3 Bxa3 18. Rxa3 Bxe4 19. Qxe4 Nd5 20. Rb1 a6 21. Bf3 f5 22. exf6 Qxf6 23. Kg2 Rf7 24. Rb2 Raf8 25.
Bg4 Qe7 26. Bxe6 Qxa3 27. Re2 Nxc3 28. Bxf7+ Rxf7 0-1

[Event "Late-Titled-Tuesday-Blitz-May-14-2024"]
[Site "Chess.com"]
[Date "2024.05.14"]
[Round "2"]
[White "Slovak_fighter2000"]
[Black "BardArtem"]
[Result "0-1"]
[WhiteElo "2470"]
[BlackElo "2762"]
[TimeControl "180+1"]
[EndTime "14:15:37 PDT"]
[Termination "BardArtem won by resignation"]

1. d4 d5 2. Nf3 Nf6 3. c4 e6 4. Nc3 c5 5. cxd5 Nxd5 6. e4 Nxc3 7.
bxc3 cxd4 8. cxd4 Bb4+ 9. Bd2 Bxd2+ 10. Qxd2 O-O 11. Bc4 Nd7 12. O-O b6 13. d5 Nc5 14.
Rfe1 Bb7 15. Rad1 exd5 16. Bxd5 Bxd5 17. exd5 Qd6 18. Qg5 Rfe8 19. Rxe8+ Rxe8 20. g3 h6 21. Qg4 a5 22. Nh4 Qf6 23. d6 Rd8 24. d7 Qg5 25.
Qe2 Nxd7 26. Rxd7 Qc1+ 27. Kg2 Qc6+ 28. Nf3 Qxd7 29. Qe3 Qc6 30. Kh3 Qe6+ 0-1

[Event "Late-Titled-Tuesday-Blitz-May-14-2024"]
[Site "Chess.com"]
[Date "2024.05.14"]
[Round "2"]
[White "Kombinator01"]
[Black "manitodeplomo"]
[Result "0-1"]
[WhiteElo "2366"]
[BlackElo "2565"]
[TimeControl "180+1"]
[EndTime "14:15:45 PDT"]
[Termination "manitodeplomo won by resignation"]

1. e4 Nc6 2. Nf3 d5 3. e5 Bg4 4.
d4 Bxf3 5. gxf3 e6 6. c3 Qh4 7. f4 Nge7 8. Qf3 g6 9. Qg3 Nf5 10. Qxh4 Nxh4 11. Bd3 Bh6 12. Na3 O-O 13. Ke2 f6 14.
Be3 fxe5 15. fxe5 Kg7 16. Nc2 Rf7 17. Raf1 Raf8 18. Rhg1 Nf3 19. Rg2 Bxe3 20. Nxe3 Ne7 21. Ng4 Ng8 22. Nf6 Nxf6 23. Kxf3 Nh5+ 24. Ke3 Rf3+ 25.
Kd2 Rxd3+ 26. Kxd3 Nf4+ 0-1

[Event "Late-Titled-Tuesday-Blitz-May-14-2024"]
[Site "Chess.com"]
[Date "2024.05.14"]
[Round "2"]
[White "Chessdemon2019"]
[Black "ritanovikova"]
[Result "1-0"]
[WhiteElo "2464"]
[BlackElo "2163"]
[TimeControl "180+1"]
[EndTime "14:15:47 PDT"]
[Termination "Chessdemon2019 won by checkmate"]

1. e4 e5 2. Nf3 Nc6 3. Bb5 a6 4. Ba4 Nf6 5. d3 b5 6. Bb3 h6 7. O-O Bc5 8. Re1 O-O 9. h3 Na5 10. Nxe5 Nxb3 11. axb3 d6 12. Nf3 Re8 13. Nc3 b4 14.
Ne2 d5 15. exd5 Qxd5 16. Ng3 Bb7 17. Be3 Bd6 18. Qd2 Bxg3 19. fxg3 Qh5 20. g4 Qg6 21. Bf2 a5 22. Nh4 Qg5 23. Qxg5 h5 24. gxh5 Re5 25. Rxe5 Be4 26. h6 Nd5 27. Qxg7# 1-0

[Event "Late-Titled-Tuesday-Blitz-May-14-2024"]
[Site "Chess.com"]
[Date "2024.05.14"]
[Round "2"]
[White "sergoy"]
[Black "Mackster23"]
[Result "1-0"]
[WhiteElo "3014"]
[BlackElo "2654"]
[TimeControl "180+1"]
[EndTime "14:15:49 PDT"]
[Termination "sergoy won by resignation"]

1. d4 Nf6 2. c4 e6 3. Nf3 d5 4. Nc3 c5 5. cxd5 Nxd5 6. e4 Nxc3 7. bxc3 cxd4 8. cxd4 Bb4+ 9. Bd2 Bxd2+ 10. Qxd2 O-O 11. Bc4 Nd7 12. O-O b6 13. Rac1 Bb7 14. d5 Nc5 15.
Rfe1 exd5 16. exd5 Qf6 17. Qe3 Rad8 18. Rcd1 h6 19. Rd4 Rd6 20. Ne5 Nd7 21. Ng4 Qg5 22.
Qxg5 hxg5 23. Re7 Rc8 24. h3 Kf8 25. Re3 a6 26. a4 Nc5 27. Ba2 Rcd8 28. Re1 f6 29.
Ne3 Ne6 30. dxe6 Rxd4 31. Nf5 Rd1 32. e7+ 1-0

[Event "Late-Titled-Tuesday-Blitz-May-14-2024"]
[Site "Chess.com"]
[Date "2024.05.14"]
[Round "2"]
[White "1g60-1"]
[Black "Agibileg"]
[Result "0-1"]
[WhiteElo "2421"]
[BlackElo "2866"]
[TimeControl "180+1"]
[EndTime "14:15:51 PDT"]
[Termination "Agibileg won by resignation"]

1. e4 c5 2. Nf3 e6 3. d4 cxd4 4. Nxd4 Nc6 5. Nc3 a6 6. Nxc6 bxc6 7. Bd3 d5 8. O-O Nf6 9. e5 Nd7 10. f4 h5 11. Qe2 h4 12. f5 Qb6+ 13. Kh1 Nc5 14. Be3 Qxb2 15. Bd4 Nxd3 16. Qxd3 c5 17. Bg1 h3 18. f6 hxg2+ 19. Kxg2 Qb7 20. Rab1 Qc6 21.
Qf3 gxf6 22. exf6 Bb7 23. Rb2 Rd8 24. Rfb1 Ba8 25. Rb8 Bd6 26. Rxd8+ Kxd8 27. Qg4 d4+ 28. Kf2 dxc3 0-1